 Dungeon Crawl Stone Soup version 0.30-a0-172-gc5509c9e31 (webtiles) character file.

Game seed: 6257145094121085904

121 blackman the Slasher (level 4, -12/37 HPs)
             Began as a Demigod Delver on Oct 2, 2022.
             Mangled by an ogre
             ... wielding a +0 giant spiked club
              (38 damage)
             ... on level 5 of the Dungeon.
             The game lasted 00:00:44 (129 turns).

blackman the Slasher (Demigod Delver)                Turns: 129, Time: 00:00:45

Health: -12/37     AC:  3    Str: 13    XL:     4   Next: 48%
Magic:  6/6        EV: 12    Int: 12    God:
Gold:   0          SH:  0    Dex: 19    Spells: 3/3 levels left

rFire   . . .      SeeInvis .    a - +0 falchion
rCold   . . .      Faith    .    (no shield)
rNeg    . . .      Spirit   .    b - +0 leather armour
rPois   .          Reflect  .    (no helmet)
rElec   .          Harm     .    (no cloak)
rCorr   .          Rampage  .    (no gloves)
Will    .....                    (no boots)
Stlth   +++.......               (no amulet)
HPRegen 0.26/turn                (no ring)
MPRegen 0.10/turn                (no ring)

@: no status effects
A: high MP 1, forlorn, divine attributes
a: no special abilities


You were on level 5 of the Dungeon.
You visited 1 branch of the dungeon, and saw 1 of its levels.

Inventory:

Hand Weapons
 a - a +0 falchion (weapon)
Armour
 b - a +0 leather armour (worn)
Wands
 g - a wand of digging (3)
 i - a wand of roots (4)
 k - a wand of flame (24)
Scrolls
 c - a scroll of fog
 d - a scroll of magic mapping
 e - a scroll of fear
 h - a scroll of vulnerability {unknown}
 j - 2 scrolls of poison {unknown}
Potions
 f - a potion of haste


   Skills:
 - Level 2.6 Fighting
 + Level 4.6 Long Blades
 - Level 1.7 Dodging
 - Level 4.5 Stealth


You had 3 spell levels left.
You didn't know any spells.
Your spell library was empty.

Dungeon Overview and Level Annotations

Branches:
Dungeon (5/15)
 Temple: D:4-7


Innate Abilities, Weirdness & Mutations

You have an increased reservoir of magic. (+10% MP)
You shall have no god before yourself.
Your divine heritage dramatically boosts your attributes as you level up.


Message History

The roots erupt in riotous growth!
Roots grab the water moccasin.
The grasping roots constrict the water moccasin.
The water moccasin struggles to escape constriction.
The water moccasin escapes!
Aiming: Fastroot
Press: ? - help, Shift-Dir - straight line, f/p - water moccasin
Aim: a water moccasin (severely wounded)
The roots erupt in riotous growth!
Roots grab the water moccasin.
The grasping roots constrict the water moccasin!
You kill the water moccasin!
Your Long Blades skill gained 2 levels and is now at level 4!
You have reached level 2!
You have reached level 3!
Your experience leads to a dramatic increase in your attributes!
Increase (S)trength, (I)ntelligence, or (D)exterity?
You feel agile. x4
You have reached level 4!
An ufetubus comes into view.
An ufetubus is nearby!
An ufetubus is nearby!
You barely miss the ufetubus.
The ufetubus hits you but does no damage.
The ufetubus barely misses you.
You slash the ufetubus!
You kill the ufetubus!
An ogre comes into view. It is wielding a +0 giant spiked club.
A white imp comes into view.
The white imp hits you. The white imp freezes you.
You slash the white imp!
You kill the white imp!
A dart slug comes into view.
The ogre hits you with a +0 giant spiked club.
You see here a +0 whip of distortion.
You hit the ogre.
The ogre is lightly wounded.
The ogre hits you with a +0 giant spiked club!!!
Ouch! That really hurt!
You die...

.h. #... .... . #..
..... ... ..#..
......###.. .....
......#!..###.# .....
#......... .#.# .#...
###...##O##.#.###. .....
.......$.@......w. #.
#.. ##.............. ##.
#..
#...†.....#....##..##..
#.........##...........
#.........#............
#..............##......
#.........#....##......
##.........#....##......
#
#...............##......


You could see an ogre and a dart slug.

Vanquished Creatures
  A water moccasin (D:5)
  A white imp (D:5)
  2 ufetubi (D:5)
4 creatures vanquished.

Notes
Turn   | Place    | Note
-------+----------+-------------------------------------------
     0 | D:5      | blackman the Demigod Delver began the quest for the Orb.
     0 | D:5      | Reached XP level 1. HP: 18/18 MP: 3/3
    12 | D:5      | Noticed a necrophage
    38 | D:5      | Noticed a jelly
   103 | D:5      | Noticed a water moccasin
   119 | D:5      | Killed a water moccasin
   120 | D:5      | Reached XP level 2. HP: 25/25 MP: 4/4
   120 | D:5      | Reached XP level 3. HP: 30/30 MP: 5/5
   120 | D:5      | Reached XP level 4. HP: 37/37 MP: 6/6
   125 | D:5      | Noticed an ogre
   129 | D:5      | Mangled by an ogre

Illustrated notes

Levels and vault maps discovered:
D:5:      layout_rooms, uniq_grinder

Skill      XL: |  1 |
---------------+----+-----
Long Blades    | 4 |  4.6
Fighting       | |  2.6
Dodging        | |  1.7
Stealth        | |  4.5

Action                   |  1- 3 |  4- 6 || total
-------------------------+-------+-------++-------
Melee: Falchion          |     2 |     4 ||     6
Evoke: Wand              |     5 |       ||     5
Armor: Leather armour    |     2 |     1 ||     3
Dodge: Dodged            |     3 |     1 ||     4

Table legend: (Time is in decaauts)
 A = Elapsed time spent in this place.
 B = Non-inter-level travel time spent in this place.
 C = Inter-level travel time spent in this place.
 D = Time resting spent in this place.
 E = Time spent auto-exploring this place.
 F = Levels seen in this place.
 G = Mean time per level.
                   A        B        C        D        E       F      G
               +--------+--------+--------+--------+--------+-----+--------+
         Total |    129 |    129 |      0 |      0 |     61 |   1 |  129.0 |
       Dungeon |    129 |    129 |      0 |      0 |     61 |   1 |  129.0 |
               +--------+--------+--------+--------+--------+-----+--------+

Top non-repeatable levels by time:
     D:5: 129 daAuts
